 Dungeon Crawl Stone Soup version 0.31-a0-1068-g5939ac1fb6 (webtiles) character file.

Game seed: 5765385908588990090

77 kae the Vexing (level 4, -4/29 (31) HPs)
             Began as a Demonspawn Enchanter on Nov 24, 2023.
             Slain by Crazy Yiuf
             ... wielding a +3 quarterstaff of chaos
              (5 damage)
             ... on level 3 of the Dungeon.
             The game lasted 00:02:20 (2007 turns).

kae the Vexing (Demonspawn Enchanter)               Turns: 2007, Time: 00:02:21

HP:   -4/29 (31)    AC:  5    Str:  8    XL:     4   Next: 14%
MP:   5/7           EV: 12    Int: 19    God:
Gold: 167           SH:  0    Dex: 13    Spells: 2/7 levels left

rFire   . . .        a - +1 dagger
rCold   . . .        (no shield)
rNeg    . . .        b - +0 robe
rPois   .            (no helmet)
rElec   .            n - +0 cloak
rCorr   .            (no gloves)
SInv    .            (no boots)
Will    .....        (no amulet)
Stlth   ++           (no ring)
HPRegen 0.24/turn    (no ring)
MPRegen 0.10/turn

%: no passive effects
@: drained
A: slimy green scales 1, condensation shield, demonic magic 1
a: no special abilities


You were on level 3 of the Dungeon.
You visited 1 branch of the dungeon, and saw 3 of its levels.

You collected 167 gold pieces.


Innate Abilities, Weirdness & Mutations

You are partially covered in slimy green scales. (AC +2)
A meltable shield of frost defends you. (SH +0)
Spells you cast may paralyse adjacent enemies.


   Skills:
 + Level 0.7 Fighting
 * Level 1.8 Short Blades
 + Level 2.1 Dodging
 + Level 3.0 Stealth
 + Level 2.3 Spellcasting
 * Level 3.5 Hexes
 * Level 0.8 Ice Magic


You had 2 spell levels left.
You knew the following spells:

 Your Spells              Type           Power      Damage    Failure   Level
a - Ensorcelled Hibernat  Hex/Ice        20%        N/A       10%         2
b - Confusing Touch       Hex            15%        N/A       12%         3

Your spell library contained the following spells:

 Spells                   Type           Power      Damage    Failure   Level
 Tukima's Dance           Hex            15%        N/A       12%         3
 Dazzling Flash           Conj/Hex       16%        N/A       24%         3

Inventory:

Hand Weapons
 a - a +1 dagger (weapon)
Missiles
 e - 11 stones
 j - 8 poisoned darts
 k - 5 darts of dispersal {=f!f}
Armour
 b - a +0 robe (worn)
 n - a +0 cloak (worn)
   (You found it on level 3 of the Dungeon)
Jewellery
 T - an amulet of faith {!P}
   (You found it on level 2 of the Dungeon)
Wands
 m - a wand of roots (3)
   (You found it on level 2 of the Dungeon)
 s - a wand of charming (21)
   (You found it on level 3 of the Dungeon)
Scrolls
 d - 2 scrolls of poison {!r}
 g - 3 scrolls of teleportation {@r4}
 o - a scroll of fear {unknown}
Potions
 c - 2 potions of invisibility
 f - 3 potions of heal wounds {@q2}
 h - 2 potions of attraction {unknown}
 i - a potion of enlightenment {unknown}
 l - a potion of might
 p - a potion of curing {unknown}
 q - a potion of ambrosia {unknown}
 r - a potion of lignification {unknown}

Dungeon Overview and Level Annotations

Branches:
Dungeon (3/15) Zot: 16002

Altars:

Shops:
D:1 ([   D:2 (

Annotations:
D:2 Sigmund
D:3 Crazy Yiuf

#.# #.......#.#
##....... #.#
###.#..##.# ##......
#.########.##.##.#
#.#####
###........#########
### .......###.# ###
###.##.# #.# #.## #
#.##.# #.# #####
♣♣##..## ###....#
#.# #)..#♣♣
♣♣.#....##
##...#.###.##
#g@.'.♣♣♣♣PP....).#
............#
#...#♣..♣..........
...........##
#####♣♣♣.♣..#......
###.##.######
♣♣♣♣♣##...#. #####.#
#.# #..##. #.....#
#.# ###### ##.###.
#.##### #.#
#.##.########'## #.
#.# #.#
#.##.......##.# #.
#.# #.#
#.......##.##.# #.


You could see Crazy Yiuf.


Message History

You kill the rat!
No target in view!
No target in view!
You now have 156 gold pieces (gained 12).
Ijyb the Twisted Goblin comes into view.
She is wielding a +0 dagger and carrying a wand of charming. 😎 HP[+1]
Your hp is fully restored (25).
Ijyb shouts!
Ijyb zaps a wand.
Your will is overpowered!
You are confused.
You are too confused!
You're too confused to cast spells.
You're too confused to cast spells.
You're too confused to cast spells.
You fade into invisibility!
Ijyb closely misses you.
Unknown command.
You miss Ijyb.
Unknown command.
Ijyb barely misses you.
Unknown command.
Unknown command.
You closely miss Ijyb. Ijyb misses you.
Unknown command.
Found a stone staircase leading up.
You feel less confused.
Unknown command.
Casting: Ensorcelled Hibernation (safe; 12% risk of failure)
Confirm with . or Enter, or press ? or * to list all spells.
Aiming: Ensorcelled Hibernation (safe; 12% risk of failure)
Press: ? - help, Shift-Dir - straight line, f - Ijyb
Aim: Ijyb, wielding a +0 dagger, wearing a +0 leather armour and carrying a wand of charming (unable to see you, chance to affect: 51%) Ijyb looks drowsy...
Malevolent energies surge around you. 😎 MP[-2]
You lost 2 mp, and now have 4/6 mp.
The helpless Ijyb fails to defend herself.
You puncture Ijyb!
The helpless Ijyb fails to defend herself.
You puncture Ijyb!
You kill Ijyb!
Your Stealth skill increases to level 3!
You have reached level 4!
You feel clever.
Your demonic ancestry asserts itself...
Frost condenses into a shield before you. 😎 HP[+6]
You now have 31 max hp (+6).
Your hp is fully restored (31).
s - a wand of charming (21) (gained 13 charges)
Things that are here:
a +0 dagger; a +0 leather armour
There is a stone staircase leading up here.
You flicker for a moment.
You flicker back into view.
You now have 167 gold pieces (gained 11).
Key pressed, stopping explore.
Found a runed translucent door. 😎 MP[+3]
Your mp is fully restored (7).
Key pressed, stopping explore.
Unknown command.
Could not explore, unopened runed door.
You open the door.
There is an open translucent door here.
The helpless Crazy Yiuf fails to defend himself.
You puncture Crazy Yiuf!
Crazy Yiuf says, "Crazy?
Crazy!?
PORCUPINE!"
Crazy Yiuf hits you with a +3 quarterstaff of chaos!
You feel drained. 😮 HP[-12]
You now have 29 max hp (-2).
You take 12 damage, and now have 19/29 hp.
MASSIVE DAMAGE!! (PAUSE)
Casting: Ensorcelled Hibernation (safe; 10% risk of failure)
Confirm with . or Enter, or press ? or * to list all spells.
Aiming: Ensorcelled Hibernation (safe; 10% risk of failure)
Press: ? - help, Shift-Dir - straight line, f - Crazy Yiuf
Aim: Crazy Yiuf, wielding a +3 quarterstaff of chaos and wearing a +1 cloak (heavily wounded, chance to affect: 52%) Crazy Yiuf looks drowsy...
Malevolent energies surge around you. 😮 MP[-2]
You lost 2 mp, and now have 5/7 mp.
Unknown command.
The helpless Crazy Yiuf fails to defend himself.
You puncture Crazy Yiuf!
Crazy Yiuf hits you with a +3 quarterstaff of chaos!
* * * LOW HITPOINT WARNING * * *
Your condensation shield dissipates!
Crazy Yiuf burns you.
* * * LOW HITPOINT WARNING * * *
😱 HP[-14]
You take 14 damage, and now have 5/29 hp.
MASSIVE DAMAGE!! (PAUSE)
You hit Crazy Yiuf but do no damage.
Crazy Yiuf hits you with a +3 quarterstaff of chaos.
* * * LOW HITPOINT WARNING * * *
😱 HP[-4]
You take 4 damage, and now have 1/29 hp.
Unknown command.
You hit Crazy Yiuf but do no damage.
Crazy Yiuf hits you with a +3 quarterstaff of chaos.
You die...

Skill      XL: |  1  2  3 |
---------------+----------+-----
Short Blades   | 1 |  1.8
Dodging        | 2 |  2.1
Stealth        | 3 |  3.0
Fighting       | |  0.7
Spellcasting   | |  2.3
Hexes          | |  3.5
Ice Magic      | |  0.8

Action                     |  1- 3 |  4- 6 || total
---------------------------+-------+-------++-------
  Melee: Dagger            |   144 |     4 ||   148
         Punch             |     1 |       ||     1
   Cast: Ensorcelled Hiber |     4 |     1 ||     5
    Use: Scroll            |     4 |       ||     4
         Potion            |     1 |       ||     1
   Stab: Sleeping          |    12 |     2 ||    14
         Paralysed         |     1 |       ||     1
 Armour: Robe              |    59 |     4 ||    63
  Dodge: Dodged            |    76 |       ||    76

Levels and vault maps discovered:
D:1:      minmay_arrival_nine_rooms, layout_basic, serial_shops,
          nicolae_shop_bloodbath_and_beyond, shop,
          hellmonk_ecumenical_altar_dog_temple
D:2:      layout_loops_cross, serial_shops, nicolae_shop_getting_attention,
          minivault_24, hangedman_abyss_or_decor_stabs, uniq_sigmund
D:3:      layout_loops_corners, uniq_ijyb, uniq_crazy_yiuf_cottage

Notes
Turn   | Place    | Note
-------+----------+-------------------------------------------
     0 | D:1      | kae the Demonspawn Enchanter began the quest for the Orb.
     0 | D:1      | Reached XP level 1. HP: 13/13 MP: 3/3
     0 | D:1      | magus.rc [v1.11.3]
     9 | D:1      | Found Nelluorr's Antique Armour Boutique.
    94 | D:1      | Reached skill level 1 in Short Blades
   270 | D:1      | Found Vireare's Weapon Shoppe.
   294 | D:1      | You fall into a shaft and drop 1 floor!
   363 | D:2      | Gained mutation: You are partially covered in slimy green
                  | scales. (AC +2) [demonic ancestry]
   363 | D:2      | Reached XP level 2. HP: 13/19 MP: 5/5
   371 | D:2      | HP: 4/19 [adder (2)]
   375 | D:2      | HP: 1/19 [poisoned by an adder]
   447 | D:2      | Learned a level 2 spell: Ensorcelled Hibernation
   498 | D:2      | Reached skill level 2 in Dodging
   554 | D:2      | Noticed Sigmund
   666 | D:2      | HP: 4/20 [worm (6)]
   732 | D:2      | Gained mutation: Spells you cast may paralyse adjacent
                  | enemies. [demonic ancestry]
   732 | D:2      | Reached XP level 3. HP: 24/25 MP: 3/6
   736 | D:2      | Learned a level 3 spell: Confusing Touch
   962 | D:2      | Found Avt Vigoilil's Weapon Emporium.
  1859 | D:3      | Noticed Ijyb
  1872 | D:3      | Killed Ijyb
  1873 | D:3      | Reached skill level 3 in Stealth
  1873 | D:3      | Gained mutation: A meltable shield of frost defends you.
                  | (SH +0) [demonic ancestry]
  1873 | D:3      | Reached XP level 4. HP: 31/31 MP: 4/7
  1995 | D:3      | Found a runed translucent door.
  1996 | D:3      | Noticed Crazy Yiuf
  2005 | D:3      | HP: 5/29 [Crazy Yiuf/+3 quarterstaff of chaos (3)]
  2006 | D:3      | HP: 1/29 [Crazy Yiuf/+3 quarterstaff of chaos (5)]
  2007 | D:3      | Slain by Crazy Yiuf

Vanquished Creatures
  Ijyb (D:3)
  An adder (D:2)
  2 worms (D:2)
  A dart slug (D:2)
  3 bats (D:2)
  5 endoplasms
  A giant cockroach (D:2)
  3 goblins
  2 hobgoblins (D:2)
  4 quokkas
  4 ball pythons
  2 kobolds (D:3)
  4 rats
33 creatures vanquished.

Table legend:
 A = Non-vault XP
 B = Vault XP
 C = Vault XP percentage of total XP
 D = Non-vault monster count
 E = Vault monster count
 F = Vault count percentage of total count
                 A         B        C        D         E       F
            +---------+---------+-------+---------+---------+-------
      Total |      75 |      36 |  32.4 |      32 |       1 |   3.0
            +---------+---------+-------+---------+---------+-------
        D:1 |       9 |       0 |   0.0 |       5 |       0 |   0.0
        D:2 |      56 |       0 |   0.0 |      21 |       0 |   0.0
        D:3 |      10 |      36 |  78.3 |       6 |       1 |  14.3
            +---------+---------+-------+---------+---------+-------

Skill      XL: |  1  2  3 |
---------------+----------+-----
Short Blades   | 1 |  1.8
Dodging        | 2 |  2.1
Stealth        | 3 |  3.0
Fighting       | |  0.7
Spellcasting   | |  2.3
Hexes          | |  3.5
Ice Magic      | |  0.8

Action                     |  1- 3 |  4- 6 || total
---------------------------+-------+-------++-------
  Melee: Dagger            |   144 |     4 ||   148
         Punch             |     1 |       ||     1
   Cast: Ensorcelled Hiber |     4 |     1 ||     5
    Use: Scroll            |     4 |       ||     4
         Potion            |     1 |       ||     1
   Stab: Sleeping          |    12 |     2 ||    14
         Paralysed         |     1 |       ||     1
 Armour: Robe              |    59 |     4 ||    63
  Dodge: Dodged            |    76 |       ||    76

Illustrated notes

Table legend:
 A = Kills in this place as a percentage of kills in the entire game.
 B = Kills by you in this place as a percentage of kills by you in the entire game.
 C = Kills by friends in this place as a percentage of kills by friends in the entire game.
 D = Other kills in this place as a percentage of other kills in the entire game.
 E = Experience gained in this place as a percentage of experience gained in the entire game.
 F = Experience gained in this place divided by the number of levels of this place that you have seen.
                   A       B       C       D       E      F
               +-------+-------+-------+-------+-------+----------------------
         Total | 100.0 | 100.0 |   N/A |   N/A | 100.0 |  37.0
       Dungeon | 100.0 | 100.0 |   N/A |   N/A | 100.0 |  37.0
               +-------+-------+-------+-------+-------+----------------------

Table legend: (Time is in decaauts)
 A = Elapsed time spent in this place.
 B = Non-inter-level travel time spent in this place.
 C = Inter-level travel time spent in this place.
 D = Time resting spent in this place.
 E = Time spent auto-exploring this place.
 F = Levels seen in this place.
 G = Mean time per level.
                   A        B        C        D        E       F      G
               +--------+--------+--------+--------+--------+-----+--------+
         Total |   1996 |   1983 |     13 |    146 |   1456 |   3 |  665.3 |
       Dungeon |   1996 |   1983 |     13 |    146 |   1456 |   3 |  665.3 |
               +--------+--------+--------+--------+--------+-----+--------+

Top non-repeatable levels by time:
     D:3: 885 daAuts
     D:2: 819 daAuts
     D:1: 292 daAuts
